 Seeded DCSS version 0.30.1 (webtiles) character file.

Game seed: 6351066067085065685 (custom seed)

20472 Esekla the Eclecticist (level 12, -6/67 (68) HPs)
             Began as a Deep Elf Necromancer on July 6, 2023.
             Was a High Priest of Vehumet.
             Mangled by an orc warrior
             ... wielding a +0 scimitar
              (11 damage)
             ... on level 2 of the Orcish Mines.
             The game lasted 02:22:19 (17513 turns).

Esekla the Eclecticist (Deep Elf Necromancer)      Turns: 17513, Time: 02:22:19

HP:   -6/67 (68)    AC:  8    Str:  5    XL:     12   Next: 45%
MP:   25/42         EV: 14    Int: 26    God:    Vehumet [*****.]
Gold: 796           SH:  5    Dex: 15    Spells: 17/41 levels left

rFire   . . .        a - +6 scimitar
rCold   . . .        E - +0 buckler
rNeg    . . .        T - +0 troll leather armour
rPois   .            K - +1 helmet
rElec   .            G - +0 cloak
rCorr   .            t - +0 pair of gloves
SInv    .            (no boots)
Will    +....        B - amulet of magic regeneration
Stlth   +++          y - ring of magical power
HPRegen 1.11/turn    V - ring of the Mage {Wiz Archmagi}
MPRegen 0.68/turn

%: wizardry (x1), archmagi
@: about to teleport, spiked, studying Fighting, lightly drained
A: no striking features
a: Renounce Religion


You were on level 2 of the Orcish Mines.
You worshipped Vehumet.
Vehumet was extremely pleased with you.
You visited 3 branches of the dungeon, and saw 13 of its levels.
You also visited: Bailey.

You collected 1544 gold pieces.
You spent 748 gold pieces at shops.

Inventory:

Hand Weapons
 a - a +6 scimitar (weapon)
 e - a +1 dagger of electrocution
 r - a +4 trident of venom
 s - a +2 vampiric dagger
 v - a +2 rapier of venom
 w - a +0 dagger of holy wrath
 Q - a +5 long sword
Missiles
 q - 43 poisoned darts (quivered)
 P - 10 boomerangs
 W - 2 curare-tipped darts
Armour
 t - a +0 pair of gloves (worn)
 E - a +0 buckler (worn)
 G - a +0 cloak (worn)
 K - a +1 helmet (worn)
 R - a +1 robe of willpower
 T - a +0 troll leather armour (worn)
Magical Staves
 M - a staff of fire
Jewellery
 y - a ring of magical power (left hand)
 B - an amulet of magic regeneration (around neck)
 U - an amulet of reflection
 V - the ring of the Mage (right hand) {Wiz Archmagi}
   (You bought it in a shop on level 2 of the Dungeon)

   [ring of wizardry]

   It improves your spell success rate.
   Archmagi:  It increases the power of your magical spells.
Wands
 l - a wand of roots (12)
 D - a wand of flame (14)
 I - a wand of mindburst (7)
Scrolls
 c - 3 scrolls of enchant weapon
 f - a scroll of enchant armour {unknown}
 i - a scroll of amnesia
 j - a scroll of immolation {unknown}
 o - a scroll of fog
 p - a scroll of blinking
 x - a scroll of summoning {unknown}
 z - 2 scrolls of silence
 A - a scroll of magic mapping {unknown}
 H - 2 scrolls of poison
 L - 2 scrolls of torment {unknown}
 N - a scroll of vulnerability {unknown}
 O - 2 scrolls of acquirement
 S - 3 scrolls of fear
Potions
 b - a potion of magic
 d - 2 potions of ambrosia
 g - 6 potions of attraction
 h - 8 potions of curing
 k - a potion of cancellation
 m - 4 potions of haste
 n - 3 potions of brilliance
 u - a potion of mutation
 C - 2 potions of lignification


   Skills:
 * Level 5.1 Fighting
 + Level 3.8(4.3) Short Blades
 + Level 2.6(3.5) Long Blades
 + Level 1.8 Throwing
 * Level 2.7 Armour
 + Level 8.1 Dodging
 + Level 5.3 Stealth
 - Level 3.0 Shields
 * Level 15.3 Spellcasting
 + Level 3.0 Conjurations
 + Level 3.7 Hexes
 + Level 11.2 Necromancy
 + Level 4.0 Translocations
 * Level 3.9 Transmutations
 + Level 5.5 Fire Magic
 * Level 2.9 Air Magic
 + Level 3.2 Poison Magic
 + Level 0.1 Evocations


You had 17 spell levels left.
You knew the following spells:

 Your Spells              Type           Power      Damage    Failure   Level
a - Dazzling Flash        Conj/Hex       100%       N/A       1%          3
b - Flame Wave            Conj/Fire      59%        2d14      1%          4
d - Vampiric Draining     Necr           87%        2d12      1%          3
l - Plasma Beam           Fire/Air       29%        2x1d45    21%         6
n - Ignite Poison         Fire/Tmut/Pois 58%        N/A       1%          3
o - Scorch                Fire           100%       2d9       1%          2
t - Teleport Other        Tloc           57%        N/A       1%          3

Your spell library contained the following spells:

 Spells                   Type           Power      Damage    Failure   Level
 Necrotise                Necr           100%       1d9       1%          1
 Lesser Beckoning         Tloc           100%       N/A       1%          2
 Gell's Gravitas          Tloc           57%        N/A       1%          3
 Spider Form              Tmut/Pois      55%        N/A       1%          3
 Animate Dead             Necr           87%        N/A       1%          4
 Agony                    Necr           87%        N/A       1%          5
 Cause Fear               Hex            28%        N/A       6%          4
 Summon Mana Viper        Hex/Summ       44%        N/A       34%         5


Dungeon Overview and Level Annotations

Branches:
Dungeon (10/15)            Temple (1/1) D:6             Orc (2/2) D:10
    Elf (0/3) Orc:2        Bailey (visited)
   Lair: D:8-11

Altars:
Ashenzari
Cheibriados
Dithmenos
Elyvilon
Fedhas
Gozag
Hepliaklqana
Kikubaaqudgha
Makhleb
Nemelex Xobeh
Okawaru
Qazlal
Ru
Sif Muna
Trog
Uskayaw
Vehumet
Wu Jian
Xom
Yredelemnul
Zin
The Shining One

Shops:
D:2 =   D:4 (   Orc:2 **

Annotations:
D:8 2 headed ogre
Orc:1 orc warlord


Message History

Casting: Vampiric Draining (safe; 1% risk of failure)
Confirm with . or Enter, or press ? or * to list all spells.
Aiming: Vampiric Draining (safe; 1% risk of failure)
Press: ? - help, Shift-Dir - straight line, f/p - orc sorcerer
Aim: an orc sorcerer, wielding a +1 dagger of electrocution and wearing a +0 robe (severely wounded)
You feel a surge of power!
You draw life force from the orc sorcerer!!
You kill the orc sorcerer!
Vehumet accepts your kill.
The soul eater disappears in a puff of smoke!
You feel life coursing into your body.
The red devil hits you from afar with a +0 trident!
Barbed spikes become lodged in your body.
The orc warrior hits you with a +0 scimitar.
As you read the scroll of teleportation, it crumbles to dust.
You feel strangely unstable. The orc warrior closely misses you.
An orc knight comes into view. It is wielding a +0 war axe.
The red devil misses you.
Casting: Vampiric Draining (safe; 1% risk of failure)
Confirm with . or Enter, or press ? or * to list all spells.
Aiming: Vampiric Draining (safe; 1% risk of failure)
Press: ? - help, Shift-Dir - straight line, f - orc warrior
Aim: an orc warrior, wielding a +0 dire flail and wearing a +0 plate armour
Okay, then.
Casting: Vampiric Draining (safe; 1% risk of failure)
Confirm with . or Enter, or press ? or * to list all spells.
Aiming: Vampiric Draining (safe; 1% risk of failure)
Press: ? - help, Shift-Dir - straight line, f - orc warrior
Aim: an orc warrior, wielding a +0 dire flail and wearing a +0 plate armour You feel a surge of power!
You draw life force from the orc warrior!
You feel life coursing into your body.
The orc warrior hits you with a +0 dire flail!
* * * LOW HITPOINT WARNING * * *
The red devil hits you from afar with a +0 trident!
* * * LOW HITPOINT WARNING * * *
Barbed spikes become lodged in your body.
You block the chaos spawn's attack.
The orc warrior hits you with a +0 scimitar!
You die...

.#.....## ..
...#..## .....
.#.....## o...#
...#...4## #.#.#
#....#...## #.o.#
##........##
##...#
##.)###...##
##...#
##.)###...###.oo#
##[)###...#4)@#
##..###.#)#4##
##..###...##
##..###.##
##.3#### ##..####
#..[#.###
##.[[[..##
####.#[[..#


You could see an orc knight, a chaos spawn, a red devil, 2 orc warriors and an
orc priest.

Vanquished Creatures
  An orc warlord (Orc:2)
  Harold (D:9)
  A two-headed ogre (D:9)
  Pikel (D:6)
  5 orc knights
  4 cyclopes
  4 orc sorcerers (Orc:2)
  Joseph (D:7)
  A kobold demonologist (D:9)
  3 trolls
  8 yaks
  2 steam dragons
  2 wyverns
  Menkaure (D:7)
  3 wargs (Orc:2)
  An ice beast (D:6)
  A sky beast (D:6)
  41 orc warriors
  2 black bears
  9 ogres
  2 centaurs
  A phantom (D:7)
  A lemure (D:6)
  Blork the orc (D:6)
  4 kobold brigands
  3 gnoll sergeants
  2 bullfrogs
  2 scorpions (D:5)
  10 wights
  13 killer bees
  2 howler monkeys
  2 quasits (D:8)
  3 gnoll boudas
  6 hounds
  A jelly (D:6)
  Crazy Yiuf (D:7)
  29 orc priests
  A sleepcap (D:5)
  5 iguanas
  10 orc wizards
  31 gnolls
  9 adders
  3 shadow imps (D:8)
  6 white imps
  4 ufetubi
  A worm (D:4)
  3 dart slugs
  88 orcs
  6 ball pythons
  4 bats
  4 endoplasms
  9 goblins
  7 hobgoblins
  A quokka (D:1)
  4 frilled lizards
  21 kobolds
  A rat (D:2)
393 creatures vanquished.

Vanquished Creatures (others)
  3 orcs
3 creatures vanquished.

Grand Total: 396 creatures vanquished

Notes
Turn   | Place    | Note
-------+----------+-------------------------------------------
     0 | D:1      | Esekla the Deep Elf Necromancer began the quest for the
                  | Orb.
     0 | D:1      | Reached XP level 1. HP: 10/10 MP: 6/6
   211 | D:1      | Reached XP level 2. HP: 8/13 MP: 8/8
   317 | D:4      | Found a radiant altar of Vehumet.
   321 | D:4      | Became a worshipper of Vehumet
   574 | D:3      | Reached skill level 5 in Necromancy
   666 | D:3      | Identified the +5 rapier of the Hero {heavy, rN+ Dex+3}
   964 | D:3      | Found a stormy altar of Qazlal.
   967 | D:3      | Found a hazy altar of Hepliaklqana.
   967 | D:3      | Found a bloodstained altar of Trog.
   973 | D:3      | Reached XP level 3. HP: 19/19 MP: 9/9
   977 | D:3      | Reached skill level 1 in Short Blades
   981 | D:3      | Learned a level 3 spell: Vampiric Draining
  1056 | D:3      | Reached XP level 4. HP: 24/24 MP: 11/11
  1192 | D:2      | Noticed a black bear
  1247 | D:2      | Found Renulab's Jewellery Shop.
  1373 | D:1      | Reached * piety under Vehumet
  1373 | D:1      | Offered knowledge of Freeze by Vehumet.
  1477 | D:1      | Learned a level 3 spell: Teleport Other
  1736 | D:2      | Reached XP level 5. HP: 28/28 MP: 12/12
  1756 | D:2      | Found a faded altar of an unknown god.
  1802 | D:2      | Killed a black bear
  1803 | D:2      | Reached skill level 4 in Spellcasting
  1803 | D:2      | Reached skill level 1 in Translocations
  2131 | D:4      | Found an iron altar of Okawaru.
  2217 | D:4      | Found Ponaysk's Antique Weapon Boutique.
  2399 | D:4      | Found a glowing silver altar of Zin.
  2430 | D:4      | Found a glowing golden altar of the Shining One.
  2442 | D:4      | Reached XP level 6. HP: 32/32 MP: 12/14
  2719 | D:4      | Reached skill level 5 in Spellcasting
  2806 | D:5      | Entered Level 5 of the Dungeon
  2820 | D:5      | Got the Parchment of the Lumpy Olives
  2836 | D:5      | Found a shadowy altar of Dithmenos.
  3198 | D:5      | Reached XP level 7. HP: 10/36 MP: 16/16
  3683 | D:5      | Offered knowledge of Scorch by Vehumet.
  3688 | D:5      | Reached ** piety under Vehumet
  3689 | D:5      | Reached skill level 6 in Spellcasting
  3692 | D:5      | Learned a level 2 spell: Scorch
  4021 | D:6      | Found a blossoming altar of Fedhas.
  4143 | D:6      | Reached skill level 1 in Fire Magic
  4143 | D:6      | Reached XP level 8. HP: 41/41 MP: 19/19
  4215 | D:6      | Found a staircase to the Ecumenical Temple.
  4245 | D:6      | Reached skill level 5 in Dodging
  4334 | D:6      | Noticed Pikel
  4767 | D:6      | Noticed Blork the orc
  4909 | D:7      | Reached skill level 7 in Spellcasting
  5187 | D:7      | Found a runed translucent door.
  5188 | D:7      | Noticed Crazy Yiuf
  5195 | D:7      | Killed Crazy Yiuf
  5342 | Temple   | Entered the Ecumenical Temple
  5462 | D:6      | Killed Blork the orc
  5463 | D:6      | Reached skill level 1 in Throwing
  5463 | D:6      | Reached skill level 8 in Spellcasting
  5593 | D:6      | Killed Pikel
  5594 | D:6      | Reached skill level 1 in Shields
  5594 | D:6      | Reached skill level 9 in Spellcasting
  5594 | D:6      | Reached XP level 9. HP: 34/45 MP: 14/24
  5783 | D:7      | Noticed Menkaure
  5791 | D:7      | Killed Menkaure
  5964 | D:7      | Reached skill level 10 in Spellcasting
  6167 | D:7      | Noticed Joseph
  6202 | D:7      | Killed Joseph
  6350 | D:7      | Offered knowledge of Dazzling Flash by Vehumet.
  6356 | D:7      | HP: 2/45 [wight/+4 great sword (17)]
  6700 | D:7      | Learned a level 3 spell: Dazzling Flash
  6723 | D:8      | Noticed a two-headed ogre
  7283 | D:8      | Reached skill level 11 in Spellcasting
  7293 | D:8      | Reached *** piety under Vehumet
  7438 | D:8      | Reached skill level 1 in Hexes
  7680 | D:7      | Offered knowledge of Inner Flame by Vehumet.
  7878 | D:8      | Found a transporter.
  7879 | D:8      | Found a transporter.
  7942 | D:8      | Found a hide-covered altar of Uskayaw.
  7962 | D:8      | Found a transporter.
  7996 | D:8      | Found a transporter.
  8304 | D:9      | Found a flagged portal.
  8477 | D:9      | Noticed a two-headed ogre
  8570 | Bailey   | Entered a bailey
  8591 | Bailey   | Reached XP level 10. HP: 50/50 MP: 27/27
  8781 | Bailey   | Noticed an orc knight
  8837 | Bailey   | Noticed an orc knight
  8867 | Bailey   | Killed an orc knight
  8868 | Bailey   | Reached skill level 1 in Conjurations
  8908 | Bailey   | Identified the +2 bardiche of Puhoisos {heavy, rElec
                  | Stlth+}
  8968 | Bailey   | Reached **** piety under Vehumet
  9235 | Bailey   | Killed an orc knight
  9236 | Bailey   | Reached skill level 1 in Long Blades
  9236 | Bailey   | Reached skill level 12 in Spellcasting
  9522 | D:9      | Reached skill level 1 in Fighting
  9706 | D:8      | Offered knowledge of Ignite Poison by Vehumet.
  9711 | D:8      | Learned a level 3 spell: Ignite Poison
 10052 | D:9      | Noticed Harold
 10063 | D:9      | Killed Harold
 10064 | D:9      | Reached skill level 1 in Transmutations
 10365 | D:9      | Noticed a cyclops
 10417 | D:9      | Found a sparkling altar of Nemelex Xobeh.
 10471 | D:9      | Killed a two-headed ogre
 10472 | D:9      | Reached skill level 10 in Necromancy
 10573 | D:9      | Noticed a cyclops
 10621 | D:9      | Killed a cyclops
 10622 | D:9      | Reached XP level 11. HP: 28/58 MP: 26/29
 11121 | D:9      | Reached skill level 5 in Stealth
 11121 | D:9      | Reached skill level 13 in Spellcasting
 11242 | D:10     | Entered Level 10 of the Dungeon
 11308 | D:10     | Reached skill level 1 in Poison Magic
 11327 | D:9      | Reached skill level 5 in Fire Magic
 12160 | D:10     | Found a staircase to the Orcish Mines.
 12206 | D:10     | Found a sacrificial altar of Ru.
 12416 | D:10     | Reached ***** piety under Vehumet
 12428 | D:10     | Offered knowledge of Plasma Beam by Vehumet.
 12443 | D:10     | Learned a level 6 spell: Plasma Beam
 12684 | Orc:1    | Entered Level 1 of the Orcish Mines
 12686 | Orc:1    | Noticed an orc knight
 13038 | D:9      | Killed an orc knight
 13388 | D:2      | Bought the ring of the Mage {Wiz Archmagi} for 714 gold
                  | pieces
 13388 | D:2      | Found the ring of the Mage {Wiz Archmagi}
 13747 | Orc:2    | Entered Level 2 of the Orcish Mines
 13985 | Orc:2    | Noticed an orc sorcerer
 14085 | Orc:1    | Noticed an orc warlord
 14092 | Orc:2    | Reached skill level 14 in Spellcasting
 14099 | Orc:2    | Reached skill level 1 in Armour
 14296 | Orc:2    | Killed an orc sorcerer
 15045 | Orc:2    | Reached skill level 1 in Air Magic
 15643 | Orc:2    | Killed an orc warlord
 15644 | Orc:2    | Reached XP level 12. HP: 66/66 MP: 32/32
 15723 | Orc:2    | Offered knowledge of Flame Wave by Vehumet.
 15740 | Orc:2    | Learned a level 4 spell: Flame Wave
 16266 | Orc:2    | Found Roezostra's General Store.
 16267 | Orc:2    | Found Bamnuus's General Store.
 16893 | Orc:2    | Found a staircase to the Elven Halls.
 16894 | Orc:2    | Noticed an orc warlord
 17007 | Orc:2    | Bought a scroll of identify for 34 gold pieces
 17260 | Orc:2    | Reached skill level 15 in Spellcasting
 17506 | Orc:2    | Reached skill level 5 in Fighting
 17513 | Orc:2    | Mangled by an orc warrior

Illustrated notes

Levels and vault maps discovered:
D:1:      sevenhm_arrival_forest_fort_small_3, layout_rooms,
          chequers_serial_rivers_room_b, minmay_misc_feat_five
D:2:      layout_loops_ring, dreamdust_ecumenical_altar_angels_and_demons,
          serial_shops, shop
D:3:      layout_basic, grunt_temple_overflow_open, minmay_misc_feat_iff
D:4:      layout_basic, nicolae_overflow_quartered_altars, serial_shops,
          nicolae_diamond_shop
D:5:      layout_loops_ring, lemuel_doored_altar, minmay_misc_feat_rows,
          dreamdust_wishing_well
D:6:      layout_loops_cross, fedhas_altar_fruit_tree,
          minmay_temple_entry_glass, uniq_pikel, uniq_blork_the_orc
D:7:      layout_basic, uniq_menkaure, uniq_joseph, uniq_crazy_yiuf_cottage
D:8:      layout_basic, nicolae_uskayaw_dance_hall, serial_demonic,
          serial_demonic_d, serial_demonic_a, serial_demonic_c,
          serial_demonic_c, nicolae_diode_quadrants
D:9:      layout_irregular_city, kennysheep_little_box, enter_bailey_4,
          minmay_between, uniq_harold
D:10:     layout_basic, nicolae_ru_awakened_eye
Temple:   compressed_dpeg_circular_temple
Orc:1:    layout_caves
Orc:2:    pf_orc_diabolical, layout_diamond_mine, uniq_azrael

Skill      XL: |  1  2  3  4  5  6  7  8  9 10 11 12 |
---------------+-------------------------------------+-----
Dodging        | 3 4 5 6 7 8 |  8.1
Necromancy     | 5 6 7 8 9 10 11 | 11.2
Short Blades   | 1 2 3 |  3.8
Stealth        | 3 4 5 |  5.3
Spellcasting   | 4 5 6 9 11 12 14 15 | 15.3
Translocations | 1 2 3 4 |  4.0
Fire Magic     | 1 2 3 4 5 |  5.5
Throwing       | 1 |  1.8
Shields        | 1 2 3 |  3.0
Hexes          | 1 3 |  3.7
Conjurations   | 2 3 |  3.0
Long Blades    | 1 2 |  2.6
Fighting       | 2 4 5 |  5.1
Transmutations | 1 2 3 |  3.9
Poison Magic   | 3 |  3.2
Armour         | 2 |  2.7
Air Magic      | 1 2 |  2.9
Evocations     | |  0.1

Action                     |  1- 3 |  4- 6 |  7- 9 | 10-12 || total
---------------------------+-------+-------+-------+-------++-------
  Melee: Short sword       |    19 |       |       |       ||    19
         Dagger            |    34 |       |     1 |     6 ||    41
         Unarmed           |     9 |       |       |       ||     9
         Rapier            |    13 |    82 |    99 |     7 ||   201
         Punch             |       |     1 |     1 |       ||     2
         Scimitar          |       |       |    78 |   274 ||   352
  Throw: Dart              |       |     1 |    27 |    87 ||   115
         Boomerang         |       |       |       |     6 ||     6
   Cast: Vampiric Draining |       |    21 |    94 |   281 ||   396
         Teleport Other    |       |       |    22 |    22 ||    44
         Scorch            |       |       |    46 |    45 ||    91
         Ignite Poison     |       |       |       |     9 ||     9
         Dazzling Flash    |       |       |       |     5 ||     5
         Plasma Beam       |       |       |       |     4 ||     4
         Flame Wave        |       |       |       |     2 ||     2
  Evoke: Wand              |       |       |     3 |    14 ||    17
    Use: Scroll            |       |       |    12 |    13 ||    25
         Potion            |       |       |     2 |     2 ||     4
   Stab: Sleeping          |     2 |     5 |     8 |     2 ||    17
         Distracted        |       |       |     1 |     2 ||     3
 Armour: Robe              |    13 |    12 |    69 |    95 ||   189
         Troll leather arm |       |       |       |    37 ||    37
  Dodge: Dodged            |    38 |    74 |   284 |   495 ||   891
  Block: Buckler           |       |       |       |   154 ||   154
